 Dungeon Crawl Stone Soup version 0.30.1-11-g7821555f0a (webtiles) character file.

Game seed: 7512402933139896890

58 Okkudo the Chopper (level 4, 0/39 HPs)
             Began as a Hill Orc Monk on Dec 8, 2023.
             Succumbed to Crazy Yiuf's poison
             ... on level 2 of the Dungeon.
             The game lasted 00:03:30 (1925 turns).

Okkudo the Chopper (Hill Orc Monk)                  Turns: 1925, Time: 00:03:31

Health: 0/39       AC:  6    Str: 15    XL:     4   Next: 1%
Magic:  4/4        EV: 11    Int: 10    God:
Gold:   72         SH:  0    Dex: 13    Spells: 3/3 levels left

rFire   + . .        a - +0 hand axe
rCold   . . .        d - orb {light}
rNeg    + . .        i - +0 ring mail
rPois   .            (no helmet)
rElec   .            k - +0 cloak
rCorr   .            (no gloves)
SInv    .            (no boots)
Will    .....        (no amulet)
Stlth   +            h - ring of positive energy
HPRegen 0.26/turn    l - ring of protection from fire
MPRegen 0.09/turn

%: no passive effects
@: mighty, lethally poisoned (0 -> -1), glowing
A: no striking features
a: no special abilities


You were on level 2 of the Dungeon.
You visited 1 branch of the dungeon, and saw 2 of its levels.

You collected 72 gold pieces.

Inventory:

Hand Weapons
 a - a +0 hand axe (weapon)
 o - the +7 dagger of Ash {freeze, rPois}
   (You found it on level 2 of the Dungeon)

   rPois:     It protects you from poison.
Missiles
 j - 5 poisoned darts (quivered)
Armour
 d - an orb of light (worn)
 i - a +0 ring mail (worn)
 k - a +0 cloak (worn)
Jewellery
 h - a ring of positive energy (left hand)
 l - a ring of protection from fire (right hand)
Scrolls
 b - 2 scrolls of noise {unknown}
 f - 2 scrolls of identify {unknown}
 m - a scroll of fear {unknown}
Potions
 e - 3 potions of curing {unknown}
 g - 3 potions of brilliance {unknown}
 n - 2 potions of lignification {unknown}


   Skills:
 - Level 3.6 Fighting
 * Level 6.3 Axes
 - Level 2.4 Dodging


You had 3 spell levels left.
You didn't know any spells.
Your spell library was empty.

Dungeon Overview and Level Annotations

Branches:
Dungeon (2/15)

Altars:
Nemelex Xobeh

Annotations:
D:2 Crazy Yiuf


Message History

Crazy Yiuf hits you with a +2 quarterstaff of chaos!
Crazy Yiuf burns you.
You hit Crazy Yiuf but do no damage.
Crazy Yiuf is lightly wounded.
Crazy Yiuf hits you with a +2 quarterstaff of chaos!
You resist with significant effort.
You are confused.
You feel invigorated. Crazy Yiuf barely misses you.
You bump into the stone wall.
Crazy Yiuf hits you but does no damage. You resist with some effort.
You hit Crazy Yiuf.
Crazy Yiuf is moderately wounded.
Crazy Yiuf barely misses you.
You bump into the rock wall.
Crazy Yiuf hits you with a +2 quarterstaff of chaos!
Crazy Yiuf freezes you.
* * * LOW HITPOINT WARNING * * *
You hit Crazy Yiuf but do no damage.
Crazy Yiuf is moderately wounded.
Crazy Yiuf hits you with a +2 quarterstaff of chaos.
You are poisoned.
You completely miss Crazy Yiuf.
Crazy Yiuf is moderately wounded.
You feel very sick.
Crazy Yiuf cries, "East!
Citrus blue wrapper."
Crazy Yiuf hits you with a +2 quarterstaff of chaos.
* * * LOW HITPOINT WARNING * * *
You feel very mighty all of a sudden.
You feel less invigorated.
You feel less confused.
You feel sick.
You feel sick.
You feel sick.
You feel sick.
You feel sick.
You feel sick. Crazy Yiuf attacks as you move away!
Crazy Yiuf hits you with a +2 quarterstaff of chaos.
* * * LOW HITPOINT WARNING * * *
You die...

.#..........#....>........'......
.#..........#...#......####.....#
.+.....#....#...#.....÷'.##.....#
.#.....#....#...#......####.....#
#..........##...###..............
.......###.......................
>............###............#..##
.......##...## #....###.....##.##
.......##...# #@...# #.........#
........†...# #..PP# #.........#
.#..........# ##g..# #.#........
.#......#...# ##.## #.#.#......
............# ##.# #..(.....>.
............# #.## #..........
........##### ##.# ###........
..####.#...## #.## #.....##.#.
............# #'# #.....##.#.


You could see Crazy Yiuf.

Vanquished Creatures
  An adder (D:2)
  5 bats
  2 endoplasms (D:1)
  4 giant cockroaches (D:1)
  4 goblins
  8 hobgoblins
  4 kobolds
  2 quokkas
  3 ball pythons
  4 frilled lizards
  5 rats
42 creatures vanquished.

Notes
Turn   | Place    | Note
-------+----------+-------------------------------------------
     0 | D:1      | Okkudo the Hill Orc Monk began the quest for the Orb.
     0 | D:1      | Reached XP level 1. HP: 19/19 MP: 1/1
   160 | D:1      | Reached XP level 2. HP: 26/26 MP: 2/2
   265 | D:1      | Reached skill level 5 in Axes
   583 | D:1      | Reached XP level 3. HP: 30/31 MP: 3/3
  1111 | D:2      | Reached skill level 6 in Axes
  1690 | D:2      | Found a sparkling altar of Nemelex Xobeh.
  1697 | D:2      | Reached XP level 4. HP: 38/39 MP: 4/4
  1702 | D:2      | Identified the +7 dagger of Ash {freeze, rPois}
  1905 | D:2      | Found a runed translucent door.
  1906 | D:2      | Noticed Crazy Yiuf
  1925 | D:2      | HP: 1/39 [Crazy Yiuf/+2 quarterstaff of chaos (4)]
  1925 | D:2      | Succumbed to Crazy Yiuf's poison

Illustrated notes

Levels and vault maps discovered:
D:1:      lightli_arrival_boilingwater, layout_basic, minivault_24,
          chequers_jeans
D:2:      layout_basic, basic_altar, uniq_crazy_yiuf_cottage

Skill      XL: |  1  2  3 |
---------------+----------+-----
Axes           | 5 6 |  6.3
Fighting       | |  3.6
Dodging        | |  2.4

Action                     |  1- 3 |  4- 6 || total
---------------------------+-------+-------++-------
  Melee: Hand axe          |   119 |    11 ||   130
    Use: Potion            |       |     1 ||     1
 Armour: Robe              |     9 |       ||     9
         Ring mail         |    22 |     1 ||    23
  Dodge: Dodged            |    72 |     3 ||    75
